Map: Efflorescence LE

Players

qqq - Winner!

  • Race: Zerg Zerg
  • Spawn Location: 9:00

Massa - Winner!

  • Race: Terran Terran
  • League: Platinum
  • Spawn Location: 6:00

Orogotorogon

  • Race: Protoss Protoss
  • League: Platinum
  • Spawn Location: 12:00

Sego

  • Race: Zerg Zerg
  • League: Diamond
  • Spawn Location: 3:00

VOD

Have the link to the VOD?

Description

Time

  • Played on: Feb. 7, 2021, 7:59 a.m.
  • Length: 5:22
Show
View Real Time Build Order
Export as new Build Order

qqq Zerg - Winner!

Build Orders: Hatch First 

Get SALT Encoding   

  12  0:01  Drone  
  13  0:11  Drone  
  14  0:22  Overlord  
  14  0:48  Hatchery  
  13  1:03  Drone x3  
  16  1:23  Spawning Pool  
  15  1:25  Extractor  
  15  1:32  Drone x2  
  16  1:40  Drone  
  17  1:48  Drone  
  18  2:02  Drone  
  18  2:04  Drone  
  20  2:16  Zergling x2  
  20  2:17  Queen  
  20  2:18  Queen  
  20  2:20  Drone  
  26  2:27  Overlord  
  26  2:33  Drone  
  26  2:34  Drone  
  28  2:40  Metabolic Boost  
  28  2:47  Drone  
  28  2:49  Extractor  
  28  2:53  Overlord  
  28  3:10  Zergling x4  
  31  3:12  Drone  
  31  3:13  Drone x2  
  31  3:14  Overlord  
  33  3:24  Zergling x2  
  33  3:26  Zergling x2  
  35  3:29  Lair  
  36  3:34  Zergling x2  
  36  3:48  Zergling x2  
  36  3:49  Zergling x4  
  36  3:50  Drone  
  36  3:51  Zergling x6  
  43  3:58  Spore Crawler  
  43  4:01  Drone, Spore Crawler  
  42  4:03  Zergling x2  
  43  4:11  Zergling x4  
  43  4:12  Zergling x4  
  43  4:13  Drone  
  48  4:17  Zergling x2  
  49  4:38  Zergling x4  
  49  4:39  Drone, Zergling x2  
  51  4:56  Overlord x3  
  51  4:57  Drone  
  52  5:17  Hatchery  
Show
View Real Time Build Order
Export as new Build Order

Massa Terran - Winner!

Build Orders:  

Get SALT Encoding   

  12  0:00  SCV  
  13  0:12  SCV  
  14  0:18  Supply Depot  
  14  0:25  SCV  
  15  0:40  SCV  
  16  0:42  Barracks  
  16  0:52  SCV  
  17  1:04  SCV  
  17  1:05  Supply Depot  
  18  1:12  Refinery  
  18  1:16  SCV  
  19  1:18  Barracks  
  19  1:26  Barracks  
  19  1:34  Marine  
  21  1:40  Orbital Command  
  20  1:53  Barracks Tech Lab  
  20  2:04  Supply Depot  
  20  2:06  Marine  
  20  2:08  SCV  
  22  2:11  Marauder  
  22  2:13  Marine  
  25  2:24  Marine  
  26  2:31  Marine  
  26  2:32  Marine  
  26  2:33  Stimpack  
  28  2:41  Marine  
  29  2:49  Marine  
  29  2:51  Marauder  
  32  2:52  Supply Depot  
  32  2:59  Marine  
  33  3:06  Marine  
  33  3:12  Marauder  
  36  3:17  Marine  
  37  3:24  Marine  
  38  3:33  Marine  
  39  3:35  Marine  
  40  3:42  Marine  
  41  3:51  Marauder  
  41  3:53  Marine  
  44  4:00  Marine  
  45  4:04  Engineering Bay  
  45  4:10  Marine  
  46  4:18  Marine, Command Center  
  46  4:19  Supply Depot  
  47  4:41  Marauder, Marine  
  43  4:57  Marine  
  43  4:58  Marine  
Show
View Real Time Build Order
Export as new Build Order

Orogotorogon Protoss 

Build Orders: 1 Gate Expand, Oracle Opening 

Get SALT Encoding   

  12  0:00  Probe  
  13  0:13  Probe  
  14  0:18  Pylon  
  14  0:25  Probe  
  15  0:37  Probe (Chrono Boost)  
  15  0:39  Gateway  
  16  0:46  Assimilator  
  16  0:52  Probe (Chrono Boost)  
  17  0:57  Probe (Chrono Boost)  
  18  1:08  Probe  
  19  1:20  Probe  
  20  1:39  Nexus  
  20  1:50  Cybernetics Core  
  20  1:56  Assimilator  
  20  1:57  Probe  
  21  2:06  Pylon  
  21  2:09  Probe  
  22  2:21  Probe  
  23  2:28  Adept  
  25  2:32  Warp Gate (Chrono Boost)  
  25  2:33  Stargate  
  25  2:45  Probe  
  26  2:51  Probe  
  26  2:57  Probe  
  28  3:03  Probe  
  29  3:06  Pylon  
  29  3:09  Probe  
  30  3:13  Oracle (Chrono Boost)  
  30  3:15  Probe  
  34  3:21  Probe  
  35  3:27  Probe  
  35  3:28  Shield Battery  
  35  3:33  Probe  
  37  3:40  Probe  
  41  4:00  Probe x2  
  41  4:01  Gateway  
  41  4:02  Gateway, Phoenix (Chrono Boost)  
  42  4:18  Phoenix (Chrono Boost)  
  42  4:21  Adept  
  46  4:33  Void Ray (Chrono Boost)  
  46  4:45  Adept  
  43  5:01  Adept x2  
  43  5:16  Stalker  
Show
View Real Time Build Order
Export as new Build Order

Sego Zerg 

Build Orders: Hatch First 

Get SALT Encoding   

  12  0:01  Drone  
  13  0:12  Overlord  
  13  0:20  Drone  
  14  0:31  Drone x2  
  17  0:35  Drone  
  17  0:56  Drone  
  18  0:59  Hatchery  
  18  1:00  Drone  
  18  1:10  Extractor  
  17  1:15  Spawning Pool  
  16  1:18  Drone  
  16  1:22  Drone  
  18  1:29  Drone  
  19  1:43  Drone  
  20  1:53  Overlord  
  20  2:01  Drone  
  21  2:10  Queen  
  21  2:12  Queen  
  21  2:14  Zergling x4  
  21  2:15  Metabolic Boost  
  27  2:24  Drone  
  27  2:25  Drone  
  29  2:33  Drone x2  
  31  2:43  Drone  
  32  2:54  Queen  
  34  3:00  Drone  
  34  3:01  Overlord  
  34  3:03  Hatchery  
  34  3:04  Drone  
  35  3:07  Drone  
  36  3:17  Baneling Nest  
  36  3:19  Drone  
  36  3:20  Drone x2  
  36  3:25  Overlord  
  36  3:26  Drone  
  39  3:33  Zergling x6  
  42  3:52  Zergling x12  
  47  4:03  Lair  
  47  4:04  Baneling  
  47  4:05  Baneling  
  47  4:07  Zergling x8  
  51  4:15  Baneling  
  51  4:18  Baneling  
  51  4:30  Baneling  
  51  4:42  Overlord x2  
  50  4:50  Zergling x8  
  44  5:01  Zergling x2  
  44  5:02  Zergling x14  
  44  5:03  Zergling x2  
Tags
 
Add a new tag
Caveats
  • Supply blocks, unpowered buildings, or Contaminate may cause inaccurate times.
  • Supply counts are checked every 10 seconds.